 Dungeon Crawl Stone Soup version 0.20.1-1-g8b1a95d (webtiles) character file.

683 Monsterracer the Bolt Thrower (level 7, 0/41 HPs)
             Began as a Kobold Arcane Marksman on Aug 17, 2017.
             Slain by a wight
             ... wielding a cursed +0 spear
              (4 damage)
             ... on level 6 of the Dungeon.
             The game lasted 00:10:06 (6852 turns).

Monsterracer the Bolt Thrower (KoAM)                Turns: 6852, Time: 00:10:07

Health: 0/41       AC:  7    Str:  7    XL:     7   Next: 93%
Magic:  5/8        EV: 12    Int: 14    God:
Gold:   260        SH:  0    Dex: 18    Spells: 5/8 levels left

rFire    . . .     SeeInvis .   a - +0 hand crossbow
rCold    . . .     Gourm    .   (shield restricted)
rNeg     . . .     Faith    .   h - +0 ring mail
rPois    +         Spirit   .   (no helmet)
rElec    .         Reflect  .   (no cloak)
rCorr    .         Harm     .   s - +0 pair of gloves
MR       .....                  w - +0 pair of boots
Stlth    ++........             (no amulet)
Regen    0.2/turn               m - ring of stealth
MPRegen  0.2/turn               x - ring of poison resistance

@: heavily drained
A: carnivore 3
a: no special abilities


You were on level 6 of the Dungeon.
You were full.

You visited 1 branch of the dungeon, and saw 6 of its levels.

You collected 260 gold pieces.

Inventory:

Hand Weapons
 a - a +0 hand crossbow (weapon)
 b - a +1 antimagic rapier
Missiles
 d - 41 bolts (quivered)
Armour
 h - a +0 ring mail (worn)
 s - a +0 pair of gloves (worn)
 w - a +0 pair of boots (worn)
Jewellery
 m - a ring of stealth (left hand)
 x - a ring of poison resistance (right hand)
 y - a +2 ring of dexterity
Wands
 c - a wand of iceblast (6/15)
 p - a wand of acid (12/15)
Scrolls
 l - 3 scrolls of amnesia
 n - a scroll of recharging
 q - a scroll of remove curse
 u - 2 scrolls of teleportation
Potions
 e - a potion of brilliance {unknown}
 g - 3 potions of might
 j - 3 potions of mutation
 k - a potion of heal wounds {unknown}
 o - 2 potions of lignification
 r - a potion of ambrosia {unknown}
 t - 4 potions of curing {unknown}
 v - a potion of magic {unknown}
 z - a potion of agility {unknown}
Comestibles
 f - 3 meat rations
 i - a royal jelly


   Skills:
 + Level 3.1(0.5) Fighting
 * Level 5.2(2.5) Short Blades
 * Level 6.0(3.2) Crossbows
 + Level 4.4(1.7) Dodging
 + Level 3.8(1.1) Stealth
 - Level 1.1(0.0) Spellcasting
 - Level 3.0(0.4) Hexes


You had 5 spell levels left.
You knew the following spells:

 Your Spells              Type           Power        Failure   Level  Hunger
b - Portal Projectile     Hex/Tloc       #.....       96%         3    ####...


Dungeon Overview and Level Annotations

Branches:
Dungeon (6/15)
 Temple: D:4-7

Altars:
Qazlal


Innate Abilities, Weirdness & Mutations

You are small and have problems with some larger weapons.
You are carnivorous and can eat meat at any time.


Message History

Aim: a wight, wielding a spear and wearing a robe (severely damaged)
You shoot a bolt.
The bolt hits the wight but does no damage.
The wight is severely damaged.
The wight hits you from afar with a spear.
* * * LOW HITPOINT WARNING * * *
You feel drained.
Unknown command.
There is a stone staircase leading up here.
Firing (i - inventory):
d - 42 bolts (quivered)
Press: ? - help, Shift-Dir - straight line, f/p - wight
Aim: a wight, wielding a spear and wearing a robe (severely damaged)
You shoot a bolt. The bolt barely misses the wight.
The wight hits you from afar with a spear.
* * * LOW HITPOINT WARNING * * *
You feel drained.
* * * LOW HITPOINT WARNING * * *
Huge Dmg: -12%(-5hp) hp: 10%(4hp)
The wight hits you from afar with a spear.
You die...

## ..) .((( .(...
########(.....
#.....(....(#
+.@.z....(..#
#...........#
#.<.........#
#..........####.(.
#..........# ..
+..........# .
#..........+
#..........#
......##+####


You could see a wight.

Vanquished Creatures
  2 scorpions (D:4)
  2 wights (D:5)
  2 crimson imps (D:5)
  A quasit (D:5)
  A centaur zombie (D:5)
  2 hounds (D:5)
  An iguana (D:5)
  2 worker ants (D:4)
  A hound zombie (D:5)
  A hound skeleton (D:5)
  2 gnolls
  6 adders
  3 oozes
  5 worms (D:3)
  3 dart slugs
  4 leopard geckos
  4 orcs
  A ball python (D:1)
  10 bats
  9 giant cockroaches
  14 goblins
  8 hobgoblins
  12 jackals
  4 kobolds
  7 frilled lizards
  8 rats
115 creatures vanquished.

Notes
Turn   | Place    | Note
-------+----------+-------------------------------------------
     0 | D:1      | Monsterracer the Kobold Arcane Marksman began the quest for the Orb.
     0 | D:1      | Reached XP level 1. HP: 12/12 MP: 2/2
    33 | D:1      | HP: 5/12 [jackal (2)]
    39 | D:1      | HP: 4/12 [jackal (1)]
    44 | D:1      | HP: 2/12 [jackal (1)]
   339 | D:1      | Reached XP level 2. HP: 16/16 MP: 3/3
   418 | D:1      | Reached skill level 3 in Crossbows
   597 | D:1      | Reached skill level 1 in Short Blades
   664 | D:1      | Reached XP level 3. HP: 15/20 MP: 4/4
  1269 | D:1      | Reached XP level 4. HP: 22/26 MP: 5/5
  1756 | D:2      | Reached skill level 4 in Crossbows
  1848 | D:2      | Reached XP level 5. HP: 30/30 MP: 6/6
  2092 | D:2      | Reached skill level 1 in Stealth
  2129 | D:2      | Found a stormy altar of Qazlal.
  2229 | D:3      | Learned a level 3 spell: Portal Projectile
  2270 | D:3      | HP: 13/30 [worm (10)]
  2283 | D:3      | HP: 14/30 [orc/flail (1)]
  2293 | D:2      | HP: 1/30 [orc/flail (8)]
  3630 | D:4      | Reached XP level 6. HP: 22/35 MP: 2/7
  4782 | D:4      | Reached skill level 5 in Crossbows
  4801 | D:4      | HP: 18/36 [poisoned by a scorpion]
  5046 | D:5      | Entered Level 5 of the Dungeon
  5056 | D:5      | Reached XP level 7. HP: 40/40 MP: 2/8
  6289 | D:5      | Reached skill level 5 in Short Blades
  6436 | D:5      | HP: 19/41 [wight/enchanted dagger (3)]
  6441 | D:5      | HP: 17/41 [wight/enchanted dagger (1)]
  6442 | D:5      | HP: 8/41 [wight/enchanted dagger (9)]
  6449 | D:5      | Reached skill level 6 in Crossbows
  6843 | D:6      | HP: 19/41 [wight/spear (5)]
  6845 | D:6      | HP: 9/41 [wight/spear (6)]
  6851 | D:6      | HP: 5/41 [wight/spear (4)]
  6852 | D:6      | Slain by a wight

Skill      XL: |  1  2  3  4  5  6  7 |
---------------+----------------------+-----
Crossbows      | 3 4 5 6 |  6.0
Short Blades   | 1 2 3 4 5 |  5.2
Fighting       | 2 3 |  3.1
Stealth        | 2 3 |  3.8
Dodging        | 3 4 |  4.4
Spellcasting   | |  1.1
Hexes          | |  3.0

Action                   |  1- 3 |  4- 6 |  7- 9 || total
-------------------------+-------+-------+-------++-------
Melee: Unarmed           |    26 |       |       ||    26
       Hand axe          |     7 |       |       ||     7
       Dagger            |   103 |   227 |       ||   330
       Rapier            |       |    76 |    84 ||   160
 Fire: Hand crossbow     |    17 |     5 |    43 ||    65
  Use: Scroll            |       |    11 |     1 ||    12
       Potion            |       |       |     1 ||     1
 Stab: Sleeping          |       |    16 |     1 ||    17
       Distracted        |       |     1 |       ||     1
  Eat: Chunk             |    10 |    10 |     5 ||    25
Armor: Robe              |     8 |       |       ||     8
       Ring mail         |    37 |    76 |    39 ||   152
       Skin              |       |       |     4 ||     4
Dodge: Dodged            |   120 |   156 |    85 ||   361
